3A
IDAHO FALLS CHUKARS @ HAMMOND HERONS
08/19/2027
 
TOP OF THE 1ST
Idaho Falls Chukars batting - Pitching for Hammond Herons : RHP Gregory Bahena
Pitching: RHP Gregory Bahena
Batting: RHB Ilkka Haapajarvi 0-0: Ground out 6-3 (Groundball, 6)
Batting: SHB Shiki Sanu 0-0: Ball
1-0: Called Strike
1-1: Foul Ball, location: 2F
1-2: Ball
2-2: Foul Ball, location: 2F
2-2: Strikes out swinging
Batting: RHB Scott Ramsey 0-0: Ball
1-0: SINGLE (Groundball, 5D)
Batting: SHB Félix Medina 0-0: Called Strike
0-1: Foul Ball, location: 2F
0-2: Strikes out swinging
Top of the 1st over - 0 run(s), 1 hit(s), 0 error(s), 1 left on base; Idaho Falls 0 - Hammond 0
BOTTOM OF THE 1ST
Hammond Herons batting - Pitching for Idaho Falls Chukars : LHP Jorge Mejía
Pitching: LHP Jorge Mejía
Batting: RHB José Chávez 0-0: Ball
1-0: Ball
2-0: Ground out 4-3 (Groundball, 4)
Batting: LHB Wilson López 0-0: Ball
1-0: Called Strike
1-1: Called Strike
1-2: Foul Ball, location: 2F
1-2: Fly out, F7 (Flyball, 78S)
Batting: RHB Carlos González 0-0: Called Strike
0-1: Ball
1-1: Foul Ball, location: 2F
1-2: Ball
2-2: Ball
3-2: Ground out 4-3 (Groundball, 4)
Bottom of the 1st over - 0 run(s), 0 hit(s), 0 error(s), 0 left on base; Idaho Falls 0 - Hammond 0
TOP OF THE 2ND
Idaho Falls Chukars batting - Pitching for Hammond Herons : RHP Gregory Bahena
Batting: LHB Jérôme Masson 0-0: Ball
1-0: Called Strike
1-1: Called Strike
1-2: Fly out, F8 (Flyball, 8RD)
Batting: RHB León Preciado 0-0: Ball
1-0: Fly out, F6 (Popup, 6)
Batting: SHB José López 0-0: Foul Ball, location: 2F
0-1: SINGLE (Groundball, 34D)
Batting: RHB Shannon Stevens 0-0: Ball
José López is caught stealing 2nd base
Top of the 2nd over - 0 run(s), 1 hit(s), 0 error(s), 0 left on base; Idaho Falls 0 - Hammond 0
BOTTOM OF THE 2ND
Hammond Herons batting - Pitching for Idaho Falls Chukars : LHP Jorge Mejía
Batting: LHB Marcos Costa 0-0: Ball
1-0: Ball
2-0: Ground out 3-1 (Groundball, 34S)
Batting: RHB Sixto Estrada 0-0: Ball
1-0: Ball
2-0: Ball
3-0: Base on Balls
Batting: RHB David Meléndez 0-0: Ball
Sixto Estrada is caught stealing 2nd base
1-0: Reached via error on a dropped throw, E1
Batting: RHB Héctor Rivera 0-0: Ball
1-0: Foul Ball, location: 2F
1-1: Foul Ball, location: 2F
1-2: Ball
2-2: Fly out, F9 (Flyball, 9LMF)
Bottom of the 2nd over - 0 run(s), 0 hit(s), 1 error(s), 1 left on base; Idaho Falls 0 - Hammond 0
TOP OF THE 3RD
Idaho Falls Chukars batting - Pitching for Hammond Herons : RHP Gregory Bahena
Batting: RHB Shannon Stevens 0-0: Ball
1-0: SINGLE (Flyball, 89S) - OUT at second base trying to stretch hit.
Batting: SHB Jesús Román 0-0: Fly out, F7 (Line Drive, 7)
Batting: RHB Ilkka Haapajarvi 0-0: Foul Ball, location: 2F
0-1: Ground out 6-3 (Groundball, 6)
Top of the 3rd over - 0 run(s), 1 hit(s), 0 error(s), 0 left on base; Idaho Falls 0 - Hammond 0
BOTTOM OF THE 3RD
Hammond Herons batting - Pitching for Idaho Falls Chukars : LHP Jorge Mejía
Batting: RHB Gomez Talone 0-0: Ground out 5-3 (Groundball, 56)
Batting: RHB Hirohisa Ogasawara 0-0: Ball
1-0: Swinging Strike
1-1: Ground out 5-3 (Groundball, 56S)
Batting: RHB José Chávez 0-0: Called Strike
0-1: Ball
1-1: Fly out, F8 (Flyball, 8RM)
Bottom of the 3rd over - 0 run(s), 0 hit(s), 0 error(s), 0 left on base; Idaho Falls 0 - Hammond 0
TOP OF THE 4TH
Idaho Falls Chukars batting - Pitching for Hammond Herons : RHP Gregory Bahena
Batting: SHB Shiki Sanu 0-0: Swinging Strike
0-1: Swinging Strike
0-2: Ball
1-2: Foul Ball, location: 2F
1-2: Ball
2-2: Fly out, F7 (Flyball, 78M)
Batting: RHB Scott Ramsey 0-0: Called Strike
0-1: Ball
1-1: Ground out 6-3 (Groundball, 6)
Batting: SHB Félix Medina 0-0: Ball
1-0: Called Strike
1-1: Ball
2-1: Ball
3-1: Base on Balls
Batting: LHB Jérôme Masson 0-0: Ball
1-0: Ball
2-0: Ball
3-0: Base on Balls
Félix Medina to second
Batting: RHB León Preciado 0-0: Fielders Choice at 2nd, 5-4 (Groundball, 5)
Top of the 4th over - 0 run(s), 0 hit(s), 0 error(s), 1 left on base; Idaho Falls 0 - Hammond 0
BOTTOM OF THE 4TH
Hammond Herons batting - Pitching for Idaho Falls Chukars : LHP Jorge Mejía
Batting: LHB Wilson López 0-0: Ball
1-0: Ball
2-0: Called Strike
2-1: Swinging Strike
2-2: SINGLE (Groundball, 6MS) (infield hit)
Batting: RHB Carlos González 0-0: Foul Ball, location: 2F
0-1: Ball
1-1: Foul Ball, location: 2F
1-2: Fly out, F5 (Line Drive, 56)
Batting: LHB Marcos Costa 0-0: Called Strike
Wilson López steals 2nd base
0-1: Foul Ball, location: 2F
0-2: Strikes out swinging
Batting: RHB Sixto Estrada 0-0: Ball
1-0: Ball
2-0: Ball
3-0: Swinging Strike
3-1: Ground out 6-3 (Groundball, 6S)
Bottom of the 4th over - 0 run(s), 1 hit(s), 0 error(s), 1 left on base; Idaho Falls 0 - Hammond 0
TOP OF THE 5TH
Idaho Falls Chukars batting - Pitching for Hammond Herons : RHP Gregory Bahena
Batting: SHB José López 0-0: Foul Ball, location: 2F
0-1: Fly out, F7 (Flyball, 7S)
Batting: RHB Shannon Stevens 0-0: SINGLE (Line Drive, 6M)
Batting: SHB Jesús Román 0-0: Foul Ball, location: 2F
0-1: Ball
1-1: Called Strike
1-2: Strikes out looking
Batting: RHB Ilkka Haapajarvi 0-0: Ball
1-0: Ball
2-0: Ball
3-0: Called Strike
3-1: Called Strike
3-2: Strikes out looking
Top of the 5th over - 0 run(s), 1 hit(s), 0 error(s), 1 left on base; Idaho Falls 0 - Hammond 0
BOTTOM OF THE 5TH
Hammond Herons batting - Pitching for Idaho Falls Chukars : LHP Jorge Mejía
Batting: RHB David Meléndez 0-0: Called Strike
0-1: Ball
1-1: Ball
2-1: Foul Ball, location: 2F
2-2: Strikes out looking
Batting: RHB Héctor Rivera 0-0: Foul Ball, location: 2F
0-1: Swinging Strike
0-2: Strikes out looking
Batting: RHB Gomez Talone 0-0: Fly out, F1 (Line Drive, 13S)
Bottom of the 5th over - 0 run(s), 0 hit(s), 0 error(s), 0 left on base; Idaho Falls 0 - Hammond 0
TOP OF THE 6TH
Idaho Falls Chukars batting - Pitching for Hammond Herons : RHP Gregory Bahena
Batting: SHB Shiki Sanu 0-0: Swinging Strike
0-1: Ball
1-1: Ground out 6-3 (Groundball, 6)
Batting: RHB Scott Ramsey 0-0: Ball
1-0: Called Strike
1-1: Swinging Strike
1-2: SINGLE (Groundball, 6MD)
Batting: SHB Félix Medina 0-0: Ball
1-0: Ball
2-0: Swinging Strike
2-1: Ball
3-1: Foul Ball, location: 2F
3-2: Foul Ball, location: 2F
3-2: SINGLE (Groundball, 4MD)
Scott Ramsey to second
Runner from 2nd tries for 3rd, OUT!
Félix Medina to second
Batting: LHB Jérôme Masson 0-0: Ball
1-0: Ball
2-0: Swinging Strike
2-1: Ball
3-1: Called Strike
3-2: Strikes out swinging
Top of the 6th over - 0 run(s), 2 hit(s), 0 error(s), 1 left on base; Idaho Falls 0 - Hammond 0
BOTTOM OF THE 6TH
Hammond Herons batting - Pitching for Idaho Falls Chukars : LHP Jorge Mejía
Batting: RHB Hirohisa Ogasawara 0-0: Fly out, F9 (Flyball, 9LMF)
Batting: RHB José Chávez 0-0: SINGLE (Flyball, 89S)
Batting: LHB Wilson López 0-0: Fly out, F7 (Flyball, 78S)
Batting: RHB Carlos González 0-0: Called Strike
0-1: Ball
1-1: Ball
José Chávez steals 2nd base
2-1: Ball
3-1: Ground out 6-3 (Groundball, 6)
Bottom of the 6th over - 0 run(s), 1 hit(s), 0 error(s), 1 left on base; Idaho Falls 0 - Hammond 0
TOP OF THE 7TH
Idaho Falls Chukars batting - Pitching for Hammond Herons : RHP Gregory Bahena
Batting: RHB León Preciado 0-0: Ball
1-0: Ball
2-0: Ball
3-0: Called Strike
3-1: Ground out 6-3 (Groundball, 6)
Batting: SHB José López 0-0: Ball
1-0: Swinging Strike
1-1: Ball
2-1: SINGLE (Line Drive, 34)
Batting: RHB Shannon Stevens 0-0: Ball
1-0: Ball
2-0: Called Strike
2-1: SINGLE (Line Drive, 89M)
José López to second
Pinch Hitting: LHB Víctor Puente 0-0: Called Strike
0-1: Ball
1-1: Ball
2-1: Called Strike
2-2: Fly out, F9 (Line Drive, 9)
Pinch Hitting: RHB Leon Carlisle 0-0: Called Strike
0-1: Ball
1-1: Swinging Strike
1-2: Strikes out swinging
Top of the 7th over - 0 run(s), 2 hit(s), 0 error(s), 2 left on base; Idaho Falls 0 - Hammond 0
BOTTOM OF THE 7TH
Hammond Herons batting - Pitching for Idaho Falls Chukars : LHP Jorge Mejía
Now at 3B: Leon Carlisle
Now in RF: Víctor Puente
Pinch Hitting: RHB Rex Scurlock 0-0: Ball
1-0: Called Strike
1-1: Ball
2-1: Ball
3-1: Ground out 5-3 (Groundball, 56)
Batting: RHB Sixto Estrada 0-0: SOLO HOME RUN (Flyball, 9D), Distance : 339 ft
Batting: RHB David Meléndez 0-0: Swinging Strike
0-1: Ball
1-1: Ball
2-1: Fly out, F5 (Line Drive, 5)
Batting: RHB Héctor Rivera 0-0: Called Strike
0-1: Fly out, F7 (Flyball, 7)
Bottom of the 7th over - 1 run(s), 1 hit(s), 0 error(s), 0 left on base; Idaho Falls 0 - Hammond 1
TOP OF THE 8TH
Idaho Falls Chukars batting - Pitching for Hammond Herons : RHP Gregory Bahena
Now at 2B: Rex Scurlock
Batting: SHB Shiki Sanu 0-0: Swinging Strike
0-1: Ball
1-1: Foul Ball, location: 2F
1-2: Ball
2-2: Strikes out swinging, 2-3 out at first.
Pitching: LHP Kris Ross
Batting: RHB Scott Ramsey 0-0: Called Strike
0-1: Ball
1-1: Ball
2-1: Foul Ball, location: 2F
2-2: Foul Ball, location: 2F
2-2: Strikes out looking
Pitching: LHP Risto Hannila
Batting: SHB Félix Medina 0-0: Ball
1-0: Ball
2-0: Called Strike
2-1: Ball
3-1: Base on Balls
Pitching: RHP Aaron Houchens
Batting: LHB Jérôme Masson 0-0: Ground out 4-3 (Groundball, 34)
Top of the 8th over - 0 run(s), 0 hit(s), 0 error(s), 1 left on base; Idaho Falls 0 - Hammond 1
BOTTOM OF THE 8TH
Hammond Herons batting - Pitching for Idaho Falls Chukars : LHP Jorge Mejía
Batting: RHB Gomez Talone 0-0: Called Strike
0-1: Swinging Strike
0-2: Ball
1-2: Fly out, F5 (Popup, 5L)
Batting: RHB Hirohisa Ogasawara 0-0: Swinging Strike
0-1: Ball
1-1: Swinging Strike
1-2: Ball
2-2: Strikes out swinging
Batting: RHB José Chávez 0-0: Foul Ball, location: 2F
0-1: Called Strike
0-2: Foul Ball, location: 2F
0-2: Ball
1-2: Foul Ball, location: 2F
1-2: Ball
2-2: Strikes out swinging
Bottom of the 8th over - 0 run(s), 0 hit(s), 0 error(s), 0 left on base; Idaho Falls 0 - Hammond 1
TOP OF THE 9TH
Idaho Falls Chukars batting - Pitching for Hammond Herons : RHP Aaron Houchens
Pitching: RHP Kelemeneke Balun
Now at 3B: Guillermo Montepeque
Pinch Hitting: SHB Jorge Colón 0-0: Called Strike
0-1: Ball
1-1: Ball
2-1: Ball
3-1: Base on Balls
Pinch Runner at 1st Ernesto Carrión:
Batting: SHB José López 0-0: Ball
1-0: Bunted foul
1-1: Ball
2-1: Sac Bunt - play at first, batter OUT! 5-4
Ernesto Carrión to second
Pinch Hitting: RHB Spencer Lyng 0-0: Ball
1-0: Foul Ball, location: 2F
1-1: Foul Ball, location: 2F
1-2: Foul Ball, location: 2F
1-2: Ball
2-2: Ball
3-2: Foul Ball, location: 2F
3-2: SINGLE (Flyball, 89S)
Ernesto Carrión to third
Runner from 3rd tries for Home, throw and OUT!
Spencer Lyng to second
Batting: LHB Víctor Puente 0-0: Ball
1-0: Ground out 4-3 (Groundball, 34)
Top of the 9th over - 0 run(s), 1 hit(s), 0 error(s), 1 left on base; Idaho Falls 0 - Hammond 1
Saturday, May 26th, 2018 - OOTP Baseball 17.12 Build 75